Map: [EWC] Alcyone

Players

Cure - Winner!

  • Race: Terran Terran
  • Spawn Location: 7:00

Maru

  • Race: Terran Terran
  • Spawn Location: 1:00

Event: Esports World Cup 2024

VOD

Have the link to the VOD?

Description

Time

  • Played on: Aug. 17, 2024, 11:06 a.m.
  • Length: 12:26

All games in this series

Show
View Real Time Build Order
Export as new Build Order

Cure Terran - Winner!

Build Orders:  

Get SALT Encoding   

  12  0:00  SCV  
  13  0:12  SCV  
  14  0:17  Supply Depot  
  14  0:24  SCV  
  15  0:38  SCV  
  15  0:40  Barracks  
  15  0:42  Refinery  
  16  0:50  SCV  
  16  0:52  Refinery  
  17  1:02  SCV  
  18  1:14  SCV  
  19  1:27  Reaper, Orbital Command  
  20  1:32  Supply Depot  
  20  1:39  Factory  
  20  1:52  SCV  
  21  2:00  Barracks Reactor  
  21  2:05  SCV  
  22  2:15  Command Center  
  22  2:17  SCV  
  23  2:23  Hellion  
  23  2:29  SCV  
  26  2:33  Supply Depot  
  26  2:36  Reaper  
  26  2:37  Reaper  
  28  2:41  SCV  
  29  2:45  Hellion  
  31  2:55  SCV  
  31  2:56  Starport  
  32  3:07  SCV  
  32  3:09  Cyclone  
  32  3:12  Marine  
  36  3:14  Marine  
  36  3:19  SCV  
  38  3:30  Orbital Command  
  38  3:33  SCV  
  38  3:35  Medivac  
  38  3:36  Marine x2  
  42  3:45  SCV  
  41  3:49  Cyclone  
  41  3:53  Refinery  
  41  3:54  Marine x2  
  45  3:57  SCV x2  
  45  4:02  Supply Depot  
  47  4:09  SCV x2  
  49  4:11  Starport Tech Lab  
  49  4:12  Marine x2  
  51  4:21  SCV x2, Factory Tech Lab  
  53  4:30  Interference Matrix, Raven  
  55  4:33  SCV x2  
  55  4:34  Marine x2  
  57  4:45  SCV x2, Siege Tank  
  61  4:57  SCV  
  61  4:58  Supply Depot  
  62  5:15  SCV  
  62  5:16  SCV  
  62  5:19  Marine x2  
  62  5:20  Barracks, Siege Tank, Raven  
  62  5:21  Supply Depot  
  69  5:27  Command Center  
  69  5:28  SCV  
  70  5:34  Supply Depot  
  70  5:36  Barracks  
  70  5:42  SCV x2  
  74  5:45  Supply Depot  
  74  5:48  Engineering Bay x2  
  74  5:54  SCV x2  
  78  6:00  Raven  
  78  6:01  Factory Reactor  
  76  6:06  SCV x2  
  76  6:09  Marine  
  76  6:10  Stimpack  
  79  6:13  Barracks x2  
  79  6:14  Terran Infantry Weapons Level 1  
  79  6:15  Barracks Tech Lab, Refinery  
  79  6:16  Terran Infantry Armor Level 1  
  79  6:19  SCV  
  81  6:27  Marine  
  81  6:28  SCV  
  81  6:31  SCV  
  83  6:34  Missile Turret  
  83  6:36  Marine, Supply Depot  
  83  6:37  Missile Turret  
  84  6:40  SCV  
  84  6:43  SCV, Marine x2  
  84  6:45  Marine  
  89  6:48  Siege Tank  
  89  6:50  Medivac x2  
  89  6:53  SCV  
  97  6:55  SCV, Marine  
  97  7:00  Barracks Reactor x2  
  97  7:01  Marine  
  100  7:02  Orbital Command  
  100  7:04  Combat Shield  
  100  7:05  SCV  
  101  7:08  Marine x2  
  101  7:12  Marine  
  101  7:13  SCV  
  101  7:14  Supply Depot  
  105  7:17  SCV  
  105  7:18  Armory  
  106  7:24  Marine  
  106  7:25  SCV  
  106  7:26  Marine x2  
  106  7:28  Siege Tank  
  106  7:29  SCV  
  114  7:30  Marine  
  114  7:31  Medivac  
  114  7:33  Refinery  
  114  7:34  Refinery  
  114  7:36  SCV  
  118  7:37  Supply Depot  
  118  7:40  Marine x4  
  118  7:43  Marine  
  123  7:44  Marine x2  
  123  7:49  SCV  
  125  7:56  Supply Depot x2  
  125  7:57  Supply Depot  
  125  7:59  SCV x2  
  125  8:00  Marine x6  
  133  8:09  Terran Infantry Weapons Level 2  
  133  8:13  Marine  
  133  8:17  Terran Infantry Armor Level 2  
  133  8:18  SCV x3, Siege Tank, Marine x2  
  141  8:23  Marine x4  
  143  8:27  Marine  
  143  8:30  Marine  
  128  8:35  Marine x2  
  128  8:41  Medivac x2, Marine x4  
  131  8:45  Marine  
  136  8:48  Marine  
  136  8:50  Siege Tank  
  136  8:53  SCV x2, Marine  
  136  8:55  SCV  
  144  8:56  Marine  
  144  8:59  Marine x3  
  144  9:01  Supply Depot  
  148  9:04  Marine x2  
  148  9:06  Marine  
  151  9:13  Command Center  
  151  9:16  Marine x2  
  153  9:17  Marine x2  
  141  9:26  Siege Tank  
  141  9:27  Marine x3  
  141  9:29  Medivac x2  
  150  9:34  Marine x2  
  149  9:40  Marine x2  
  149  9:41  SCV x3  
  152  9:49  Factory  
  152  9:50  Marine x3  
  152  9:52  Marine  
  156  9:53  Terran Vehicle Weapons Level 1, Supply Depot  
  156  9:54  Barracks Reactor  
  156  9:55  Supply Depot  
  156  10:00  Marine x3  
  159  10:07  Marine x3  
  159  10:09  Barracks x2  
  159  10:12  Barracks  
  162  10:16  Marine  
  162  10:18  Marine x3  
  159  10:23  Siege Tank, Sensor Tower  
  159  10:25  Medivac, Marine x3  
  159  10:28  Planetary Fortress  
  167  10:34  Marine  
  168  10:36  Marine x5  
  173  10:43  Marine  
  173  10:45  Marine x2  
  170  10:52  Marine  
  170  10:54  Marine x5  
  170  10:55  Siege Tank  
  164  11:01  Marine, Barracks Reactor x3  
  164  11:03  Marine x2  
  165  11:10  Marine  
  163  11:11  Marine x2  
  163  11:12  Marine x2  
  167  11:20  Marine x2  
  167  11:21  Marine x2  
  167  11:23  Siege Tank  
  167  11:25  Medivac x2  
  176  11:27  Siege Tank  
  176  11:28  Marine  
  176  11:29  Marine x2  
  176  11:30  Marine  
  180  11:43  Command Center  
  180  11:46  Marine x6  
  185  12:06  Marine x6  
Show
View Real Time Build Order
Export as new Build Order

Maru Terran 

Build Orders: Cyclone Opening, Reaper Expand 

Get SALT Encoding   

  12  0:00  SCV  
  13  0:12  SCV  
  14  0:17  Supply Depot  
  14  0:24  SCV  
  15  0:38  SCV  
  15  0:40  Barracks  
  15  0:42  Refinery  
  16  0:50  SCV  
  17  1:02  SCV  
  18  1:14  SCV  
  19  1:27  Reaper, Orbital Command  
  20  1:40  Command Center  
  20  1:50  Supply Depot  
  20  1:52  SCV  
  21  1:59  Marine  
  22  2:04  SCV  
  22  2:08  Factory  
  23  2:13  Refinery  
  23  2:16  SCV  
  23  2:18  Marine  
  25  2:28  SCV  
  26  2:36  Marine  
  27  2:40  SCV  
  28  2:51  Orbital Command  
  28  2:52  Starport  
  28  2:53  SCV  
  28  2:54  Cyclone  
  31  2:58  Barracks Reactor  
  31  3:05  SCV  
  32  3:15  Refinery  
  32  3:17  SCV  
  32  3:19  SCV  
  34  3:26  Cyclone  
  36  3:29  SCV  
  36  3:31  Medivac  
  39  3:37  SCV  
  39  3:38  Marine  
  39  3:39  Marine  
  42  3:41  SCV  
  40  3:49  SCV  
  40  3:50  Supply Depot  
  40  3:53  SCV  
  42  3:56  Marine x2  
  42  3:59  Factory Tech Lab  
  42  4:01  SCV  
  45  4:03  Starport Tech Lab  
  45  4:05  SCV  
  46  4:10  Command Center  
  46  4:14  SCV  
  46  4:16  Supply Depot  
  47  4:17  SCV  
  47  4:22  Raven  
  50  4:24  Siege Tank  
  50  4:27  SCV  
  54  4:38  SCV  
  55  4:39  SCV  
  56  4:50  SCV  
  56  4:51  SCV  
  54  4:57  Interference Matrix, Raven  
  54  4:59  Siege Tank  
  59  5:02  SCV  
  59  5:03  SCV, Marine  
  57  5:14  SCV  
  57  5:15  SCV  
  59  5:23  Barracks, Supply Depot  
  59  5:26  Barracks, SCV  
  59  5:27  SCV  
  59  5:28  Orbital Command  
  61  5:31  Raven  
  63  5:38  SCV  
  63  5:39  SCV  
  63  5:41  Marine  
  66  5:45  Refinery  
  66  5:46  Stimpack  
  66  5:50  SCV  
  66  5:51  SCV  
  66  5:54  SCV, Engineering Bay x2  
  69  5:57  Factory Reactor  
  69  5:59  Marine  
  69  6:03  SCV  
  72  6:04  SCV, Supply Depot  
  72  6:11  SCV  
  73  6:13  Barracks  
  73  6:16  Barracks  
  73  6:17  SCV x2, Marine  
  76  6:19  Starport Tech Lab  
  76  6:23  SCV, Terran Infantry Armor Level 1, Terran Infantry Weapons Level 1, Marine x2  
  76  6:24  Marine  
  80  6:31  Combat Shield  
  80  6:35  Marine  
  80  6:37  Orbital Command  
  80  6:38  Missile Turret  
  81  6:40  SCV x2, Supply Depot  
  81  6:41  Marine  
  84  6:48  Marine x2  
  84  6:50  Medivac x2  
  84  6:52  SCV x2  
  84  6:53  Marine  
  93  6:58  Supply Depot  
  93  7:01  Siege Tank  
  93  7:04  Barracks Reactor  
  93  7:05  Marine x2  
  93  7:06  Marine, Barracks Reactor  
  99  7:10  SCV x3  
  99  7:11  Supply Depot  
  99  7:13  Marine  
  103  7:22  SCV  
  103  7:23  Marine x2  
  103  7:25  Medivac x2  
  103  7:26  Marine  
  110  7:31  Armory, Marine  
  110  7:33  SCV, Supply Depot  
  110  7:35  Missile Turret  
  112  7:41  Siege Tank, Marine x5  
  112  7:42  Marine  
  121  7:44  Marine  
  121  7:46  SCV  
  121  7:50  SCV  
  124  7:51  Refinery  
  124  7:52  Refinery  
  124  7:55  Supply Depot x2  
  124  7:56  Marine  
  125  7:58  Marine  
  125  7:59  Marine x2  
  125  8:01  SCV x2  
  125  8:02  SCV  
  131  8:11  Command Center  
  129  8:13  SCV  
  126  8:23  Marine x2  
  126  8:24  Marine x5  
  126  8:26  Siege Tank  
  129  8:30  Marine  
  129  8:33  Terran Infantry Weapons Level 2, Terran Infantry Armor Level 2  
  109  8:38  Viking  
  109  8:41  Marine x2  
  105  8:42  Marine x2  
  105  8:43  Marine x2  
  105  8:44  Terran Vehicle Weapons Level 1  
  111  8:50  Marine  
  111  8:53  Factory  
  111  8:54  Barracks Reactor  
  112  8:58  Siege Tank  
  112  8:59  Marine x3  
  112  9:00  Marine, Viking  
  112  9:01  Marine x2  
  123  9:08  SCV x3, Marine, Viking  
  129  9:17  Marine x3  
  125  9:18  Marine  
  125  9:19  Marine x2  
  112  9:25  Marine  
  112  9:30  Viking  
  114  9:31  Command Center  
  114  9:34  Marine x2  
  114  9:35  Marine x3  
  114  9:36  Marine  
  114  9:37  Marine  
  120  9:44  Liberator  
  120  9:45  Marine x2  
  118  9:49  Siege Tank  
  118  9:52  Marine x2  
  124  9:53  Siege Tank  
  124  9:59  Marine x5  
  133  10:03  Orbital Command  
  133  10:05  SCV x2  
  135  10:10  Marine  
  136  10:17  Marine x2  
  136  10:20  Marine  
  136  10:24  Sensor Tower  
  136  10:26  Viking  
  138  10:31  Marine x3  
  140  10:42  Marine  
  140  10:43  Siege Tank, Marine x4  
  140  10:45  SCV x3  
  140  10:49  Marine x2  
  138  10:50  Siege Tank, Marine  
  129  11:01  Viking  
  128  11:05  SCV  
  128  11:06  SCV  
  130  11:15  SCV, Siege Tank  
  130  11:18  SCV  
  135  11:21  Marine x2  
  135  11:25  Viking  
  139  11:29  Siege Tank  
  139  11:31  Viking  
  144  11:37  Starport  
  144  11:39  Starport  
  144  11:41  Supply Depot, Refinery  
  144  11:49  Siege Tank  
  144  11:53  Marine  
  142  11:55  Viking  
Tags
 
Add a new tag
Caveats
  • Supply blocks, unpowered buildings, or Contaminate may cause inaccurate times.
  • Supply counts are checked every 10 seconds.